[ PARTIDA AOE2 · #484275465 ]
UnrankedTeutones vs Persians
[ ANÁLISIS DE REPETICIÓN · EXTRAÍDO DE LA PARTIDA GRABADA ]
Feudal
13:54
Castillos
21:28
Imperial
43:56
| APM promedio | 6.8 |
| APM pico | 23 |
| eAPM promedio | 4.4 |
| Aldeanos / militares | 45 / 17 |
Foco
⚔️ 26.6% · 🌾 73.4%
Trebuchet (Packed) ×16 · Trade Cart ×11 · Monk ×1
Feudal
17:01
Castillos
34:57
Imperial
46:09
| APM promedio | 5.9 |
| APM pico | 43 |
| eAPM promedio | 5.6 |
| Aldeanos / militares | 59 / 150 |
Foco
⚔️ 48.9% · 🌾 51.1%
Knight ×33 · Militia ×26 · Archer ×25 · War Elephant ×24 · Spearman ×14 · Camel Scout ×10
Feudal
10:56
Castillos
20:46
Imperial
32:16
| APM promedio | 18.3 |
| APM pico | 44 |
| eAPM promedio | 14.6 |
| Aldeanos / militares | 146 / 233 |
Foco
⚔️ 23.8% · 🌾 76.2%
Teutonic Knight ×70 · Knight ×52 · Mangonel ×36 · Spearman ×22 · Cavalry Archer ×20 · Trade Cart ×19
Feudal
11:22
Castillos
21:34
Imperial
38:50
| APM promedio | 11.0 |
| APM pico | 47 |
| eAPM promedio | 9.4 |
| Aldeanos / militares | 122 / 150 |
Foco
⚔️ 36.5% · 🌾 63.5%
Tarkan ×68 · Cavalry Archer ×68 · Trade Cart ×35 · Trebuchet (Packed) ×14
Feudal
—
Castillos
—
Imperial
—
| APM promedio | 0.1 |
| APM pico | 7 |
| eAPM promedio | 0.1 |
| Aldeanos / militares | 0 / 0 |
Feudal
—
Castillos
—
Imperial
—
| APM promedio | 14.4 |
| APM pico | 63 |
| eAPM promedio | 13.1 |
| Aldeanos / militares | 100 / 205 |
Foco
⚔️ 44.0% · 🌾 56.0%
Scorpion ×68 · Ballista Elephant ×51 · Battle Elephant ×43 · Trebuchet (Packed) ×34 · Trade Cart ×32 · Monk ×9
Feudal
12:39
Castillos
19:57
Imperial
28:16
| APM promedio | 21.2 |
| APM pico | 49 |
| eAPM promedio | 13.9 |
| Aldeanos / militares | 102 / 288 |
Foco
⚔️ 41.6% · 🌾 58.4%
Teutonic Knight ×130 · Knight ×65 · Hand Cannoneer ×36 · Trade Cart ×29 · Spearman ×20 · Scorpion ×19
Feudal
16:12
Castillos
28:27
Imperial
40:46
| APM promedio | 11.1 |
| APM pico | 30 |
| eAPM promedio | 9.2 |
| Aldeanos / militares | 230 / 303 |
Foco
⚔️ 33.4% · 🌾 66.6%
Militia ×144 · Hussite Wagon ×86 · Trade Cart ×37 · Spearman ×30 · Bombard Cannon ×21 · Scorpion ×9
Mapa de la partida
Recursos iniciales + cada clic de construcción. Líneas = muros · curvas = relieve. ◆ oro · ⬟ piedra · ● bayas · ✦ reliquia · ◌ hueco del cierre
Tu base· ✓ Cerrada en 21:28 · 0t muro · sin puerta
Base de paulamongeaguilar18· ✓ Cerrada en 34:57 · 47t muro · 1 puerta(s)
Base de crestofthewave· ✓ Cerrada en 20:46 · 25t muro · 2 puerta(s)
Base de Matdevil01· ✓ Cerrada en 21:34 · 10t muro · sin puerta
Base de Elite Savage· ✓ Cerrada en 12:00 · 0t muro · sin puerta
Base de MelinsFive· ✓ Cerrada en 15:30 · 0t muro · sin puerta
Base de Tirite· ✓ Cerrada en 19:57 · 24t muro · sin puerta
Base de jorh.choxxy· ✓ Cerrada en 28:27 · 29t muro · sin puerta
Terreno inicial suavizado · ◌ = hueco del cierre detectado · pasá el cursor para detalles
Inputs por minuto
— J B S - - paulamongeaguilar18
Build order — J B S
Primeras 150 de 183 acciones detectadas
| 0:27 | Crear | Villager (Male) |
| 0:27 | Crear | Villager (Male) |
| 0:27 | Crear | Villager (Male) |
| 0:28 | Crear | Villager (Male) |
| 0:28 | Crear | Villager (Male) |
| 0:59 | Construir | House |
| 1:01 | Construir | House |
| 3:11 | Crear | Villager (Male) |
| 3:12 | Crear | Villager (Male) |
| 3:12 | Crear | Villager (Male) |
| 3:12 | Crear | Villager (Male) |
| 4:16 | Crear | Villager (Male) |
| 4:17 | Crear | Villager (Male) |
| 4:45 | Construir | Lumber Camp |
| 5:41 | Crear | Villager (Male) |
| 5:42 | Crear | Villager (Male) |
| 5:49 | Crear | Villager (Male) |
| 5:50 | Crear | Villager (Male) |
| 6:12 | Crear | Villager (Male) |
| 6:23 | Construir | Mill |
| 7:51 | Construir | Farm |
| 8:20 | Construir | Mining Camp |
| 10:20 | Construir | House |
| 10:22 | Construir | House |
| 10:34 | Construir | House |
| 10:36 | Construir | House |
| 10:40 | Construir | House |
| 10:48 | Construir | Farm |
| 11:03 | Construir | Farm |
| 11:04 | Construir | Farm |
| 11:32 | Construir | Farm |
| 11:39 | Crear | Villager (Male) |
| 11:39 | Crear | Villager (Male) |
| 11:44 | Investigar | Feudal Age |
| 11:44 | Investigar | Feudal Age |
| 12:10 | Construir | Farm |
| 12:50 | Crear | Villager (Male) |
| 12:51 | Crear | Villager (Male) |
| 12:52 | Crear | Villager (Male) |
| 13:54 | Edad | Edad Feudal |
| 14:21 | Crear | Villager (Male) |
| 14:21 | Crear | Villager (Male) |
| 14:28 | Construir | Farm |
| 14:43 | Investigar | Double-Bit Axe |
| 14:49 | Investigar | Horse Collar |
| 15:46 | Construir | Farm |
| 16:27 | Construir | Market |
| 16:43 | Crear | Villager (Male) |
| 16:44 | Crear | Villager (Male) |
| 17:26 | Construir | Blacksmith |
| 17:51 | Construir | Mining Camp |
| 18:48 | Investigar | Castle Age |
| 19:14 | Crear | Trade Cart |
| 19:26 | Crear | Villager (Male) |
| 20:16 | Investigar | Fletching |
| 21:01 | Investigar | Town Watch |
| 21:06 | Investigar | Wheelbarrow |
| 21:28 | Edad | Edad de los Castillos |
| 22:04 | Construir | House |
| 22:07 | Construir | House |
| 22:08 | Construir | House |
| 22:19 | Construir | House |
| 22:22 | Construir | House |
| 22:25 | Construir | House |
| 22:45 | Construir | Farm |
| 22:46 | Construir | Farm |
| 22:48 | Construir | Farm |
| 23:07 | Investigar | Gold Mining |
| 23:08 | Investigar | Stone Mining |
| 23:14 | Investigar | Bow Saw |
| 23:45 | Investigar | Heavy Plow |
| 24:16 | Crear | Villager (Male) |
| 24:18 | Crear | Villager (Male) |
| 24:20 | Crear | Villager (Male) |
| 24:52 | Construir | Farm |
| 25:40 | Construir | Monastery |
| 26:10 | Construir | Mining Camp |
| 26:59 | Construir | Mining Camp |
| 27:58 | Crear | Monk |
| 32:02 | Investigar | Stone Shaft Mining |
| 32:37 | Crear | Villager (Male) |
| 32:37 | Crear | Villager (Male) |
| 32:38 | Crear | Villager (Male) |
| 32:38 | Crear | Villager (Male) |
| 32:38 | Crear | Villager (Male) |
| 32:39 | Crear | Villager (Male) |
| 32:39 | Crear | Villager (Male) |
| 32:39 | Crear | Villager (Male) |
| 32:40 | Crear | Villager (Male) |
| 32:40 | Crear | Villager (Male) |
| 32:45 | Crear | Villager (Male) |
| 32:55 | Crear | Villager (Male) |
| 32:56 | Crear | Villager (Male) |
| 32:57 | Crear | Villager (Male) |
| 32:58 | Crear | Villager (Male) |
| 34:57 | Construir | Mining Camp |
| 35:29 | Investigar | Caravan |
| 35:31 | Investigar | Coinage |
| 37:16 | Construir | Castle |
| 38:00 | Construir | Lumber Camp |
| 40:46 | Investigar | Imperial Age |
| 41:23 | Investigar | Ironclad |
| 41:50 | Construir | University |
| 42:40 | Investigar | Ballistics |
| 43:56 | Edad | Edad Imperial |
| 44:01 | Crear | Villager (Male) |
| 44:11 | Investigar | Scale Mail Armor |
| 44:14 | Investigar | Forging |
| 44:44 | Investigar | Bodkin Arrow |
| 44:52 | Investigar | Padded Archer Armor |
| 45:24 | Construir | House |
| 45:26 | Construir | House |
| 45:29 | Construir | House |
| 45:32 | Construir | House |
| 45:34 | Construir | House |
| 45:40 | Construir | House |
| 45:42 | Construir | House |
| 45:45 | Construir | House |
| 45:49 | Construir | House |
| 45:52 | Construir | House |
| 45:54 | Construir | House |
| 45:56 | Construir | House |
| 45:58 | Construir | House |
| 45:59 | Construir | House |
| 46:01 | Construir | House |
| 46:03 | Construir | House |
| 46:05 | Construir | House |
| 46:10 | Construir | House |
| 46:13 | Construir | House |
| 46:15 | Construir | House |
| 46:17 | Construir | House |
| 46:19 | Construir | House |
| 46:21 | Construir | House |
| 46:35 | Investigar | Guard Tower (upgrade) |
| 46:37 | Investigar | Chemistry |
| 46:43 | Investigar | Arrowslits |
| 46:54 | Investigar | Crenellations |
| 46:57 | Investigar | Elite Teutonic Knight (upgrade) |
| 47:04 | Investigar | Elite Teutonic Knight (upgrade) |
| 47:08 | Investigar | Crenellations |
| 47:15 | Investigar | Hoardings |
| 47:20 | Investigar | Conscription |
| 48:00 | Construir | Lumber Camp |
| 48:06 | Investigar | Two-Man Saw |
| 49:10 | Crear | Trebuchet (Packed) |
| 49:20 | Crear | Trebuchet (Packed) |
| 49:21 | Crear | Trebuchet (Packed) |
| 49:23 | Crear | Trebuchet (Packed) |
| 49:25 | Crear | Trebuchet (Packed) |
| 49:51 | Investigar | Hand Cart |
Build order — paulamongeaguilar18
Primeras 150 de 313 acciones detectadas
| 0:28 | Construir | House |
| 0:36 | Construir | House |
| 0:44 | Construir | House |
| 0:51 | Crear | Villager (Male) |
| 0:51 | Crear | Villager (Male) |
| 0:51 | Crear | Villager (Male) |
| 0:52 | Crear | Villager (Male) |
| 0:52 | Crear | Villager (Male) |
| 0:52 | Crear | Villager (Male) |
| 2:05 | Construir | Lumber Camp |
| 3:18 | Crear | Villager (Male) |
| 3:19 | Crear | Villager (Male) |
| 3:19 | Crear | Villager (Male) |
| 3:19 | Crear | Villager (Male) |
| 4:32 | Crear | Villager (Male) |
| 4:33 | Crear | Villager (Male) |
| 4:33 | Crear | Villager (Male) |
| 4:33 | Crear | Villager (Male) |
| 5:08 | Construir | House |
| 5:32 | Construir | Mill |
| 5:45 | Crear | Villager (Male) |
| 5:46 | Crear | Villager (Male) |
| 6:33 | Crear | Villager (Male) |
| 6:34 | Crear | Villager (Male) |
| 6:34 | Crear | Villager (Male) |
| 7:45 | Crear | Villager (Male) |
| 7:45 | Crear | Villager (Male) |
| 7:45 | Crear | Villager (Male) |
| 7:45 | Crear | Villager (Male) |
| 8:54 | Crear | Villager (Male) |
| 8:54 | Crear | Villager (Male) |
| 9:34 | Construir | House |
| 9:42 | Construir | House |
| 9:47 | Construir | House |
| 10:23 | Crear | Villager (Male) |
| 10:24 | Crear | Villager (Male) |
| 10:24 | Crear | Villager (Male) |
| 10:24 | Crear | Villager (Male) |
| 10:39 | Construir | Farm |
| 10:48 | Construir | Farm |
| 11:05 | Construir | Lumber Camp |
| 11:17 | Construir | Farm |
| 11:27 | Construir | Farm |
| 11:39 | Construir | Farm |
| 11:48 | Construir | Farm |
| 11:55 | Construir | Farm |
| 12:03 | Construir | Farm |
| 12:12 | Construir | Farm |
| 12:21 | Construir | Mining Camp |
| 12:36 | Construir | Farm |
| 12:47 | Construir | Farm |
| 13:12 | Construir | Barracks |
| 13:22 | Crear | Villager (Male) |
| 13:23 | Crear | Villager (Male) |
| 13:23 | Crear | Villager (Male) |
| 13:23 | Crear | Villager (Male) |
| 13:58 | Construir | Mining Camp |
| 14:13 | Investigar | Feudal Age |
| 14:23 | Construir | Farm |
| 15:52 | Investigar | Loom |
| 15:55 | Crear | Villager (Male) |
| 15:55 | Crear | Villager (Male) |
| 15:55 | Crear | Villager (Male) |
| 15:56 | Crear | Villager (Male) |
| 15:56 | Crear | Villager (Male) |
| 15:56 | Crear | Villager (Male) |
| 15:57 | Crear | Villager (Male) |
| 17:01 | Edad | Edad Feudal |
| 17:10 | Investigar | Wheelbarrow |
| 18:25 | Construir | Mill |
| 18:47 | Construir | Farm |
| 19:03 | Crear | Militia |
| 19:03 | Crear | Militia |
| 19:04 | Crear | Militia |
| 19:04 | Crear | Militia |
| 19:04 | Crear | Militia |
| 19:05 | Crear | Militia |
| 19:05 | Crear | Militia |
| 19:06 | Crear | Militia |
| 19:06 | Crear | Militia |
| 19:07 | Crear | Militia |
| 19:09 | Crear | Militia |
| 19:12 | Investigar | Man-at-Arms (upgrade) |
| 19:27 | Construir | Farm |
| 19:43 | Construir | Mining Camp |
| 20:02 | Construir | House |
| 20:08 | Construir | House |
| 20:13 | Construir | House |
| 20:18 | Construir | House |
| 20:23 | Construir | House |
| 21:25 | Construir | Market |
| 22:17 | Crear | Villager (Male) |
| 22:17 | Crear | Villager (Male) |
| 22:17 | Crear | Villager (Male) |
| 22:19 | Crear | Villager (Male) |
| 23:04 | Construir | Stone Wall |
| 23:20 | Crear | Trade Cart |
| 23:50 | Crear | Trade Cart |
| 23:50 | Crear | Trade Cart |
| 25:11 | Construir | Mining Camp |
| 26:14 | Construir | Stone Wall |
| 26:34 | Crear | Villager (Male) |
| 26:34 | Crear | Villager (Male) |
| 26:35 | Crear | Villager (Male) |
| 27:04 | Construir | Archery Range |
| 28:19 | Construir | Mining Camp |
| 29:28 | Construir | Gate |
| 29:45 | Crear | Villager (Male) |
| 29:45 | Crear | Villager (Male) |
| 29:59 | Construir | Stable |
| 30:09 | Construir | Blacksmith |
| 31:41 | Construir | Stone Wall |
| 32:31 | Investigar | Castle Age |
| 32:58 | Crear | Archer |
| 32:58 | Crear | Archer |
| 32:59 | Crear | Archer |
| 32:59 | Crear | Archer |
| 32:59 | Crear | Archer |
| 32:59 | Crear | Archer |
| 33:00 | Crear | Archer |
| 33:00 | Crear | Archer |
| 33:00 | Crear | Archer |
| 33:00 | Crear | Archer |
| 33:01 | Crear | Archer |
| 33:01 | Crear | Archer |
| 33:01 | Crear | Archer |
| 33:02 | Crear | Archer |
| 33:02 | Crear | Archer |
| 34:02 | Construir | House |
| 34:09 | Construir | House |
| 34:18 | Construir | House |
| 34:23 | Construir | House |
| 34:29 | Construir | House |
| 34:35 | Construir | House |
| 34:57 | Edad | Edad de los Castillos |
| 35:19 | Construir | Castle |
| 35:43 | Construir | Gate |
| 36:06 | Crear | Villager (Male) |
| 36:43 | Crear | Trade Cart |
| 36:43 | Crear | Trade Cart |
| 36:54 | Investigar | Coinage |
| 37:09 | Crear | Knight |
| 37:10 | Crear | Knight |
| 37:10 | Crear | Knight |
| 37:10 | Crear | Knight |
| 37:11 | Crear | Knight |
| 37:11 | Crear | Knight |
| 37:11 | Crear | Knight |
| 37:11 | Crear | Knight |
| 37:12 | Crear | Knight |
Build order — crestofthewave
Primeras 150 de 329 acciones detectadas
| 0:01 | Crear | Villager (Male) |
| 0:04 | Construir | House |
| 0:08 | Crear | Villager (Male) |
| 0:08 | Crear | Villager (Male) |
| 0:09 | Crear | Villager (Male) |
| 0:30 | Construir | Lumber Camp |
| 0:52 | Construir | House |
| 1:28 | Investigar | Loom |
| 1:50 | Crear | Villager (Male) |
| 2:24 | Crear | Villager (Male) |
| 3:17 | Crear | Villager (Male) |
| 3:17 | Crear | Villager (Male) |
| 3:22 | Construir | House |
| 3:47 | Crear | Villager (Male) |
| 4:20 | Construir | Palisade Wall |
| 4:22 | Construir | Palisade Gate |
| 4:29 | Crear | Villager (Male) |
| 4:29 | Crear | Villager (Male) |
| 4:30 | Crear | Villager (Male) |
| 4:30 | Crear | Villager (Male) |
| 5:41 | Construir | House |
| 5:53 | Crear | Villager (Male) |
| 5:53 | Crear | Villager (Male) |
| 6:08 | Crear | Villager (Male) |
| 6:59 | Construir | House |
| 7:02 | Crear | Villager (Male) |
| 7:02 | Crear | Villager (Male) |
| 7:15 | Crear | Villager (Male) |
| 7:44 | Construir | Mining Camp |
| 8:08 | Crear | Villager (Male) |
| 8:08 | Crear | Villager (Male) |
| 8:46 | Investigar | Feudal Age |
| 9:30 | Construir | Mill |
| 9:34 | Crear | Villager (Male) |
| 10:40 | Construir | Farm |
| 10:41 | Construir | House |
| 10:56 | Edad | Edad Feudal |
| 10:57 | Investigar | Double-Bit Axe |
| 11:12 | Crear | Villager (Male) |
| 11:32 | Construir | Mill |
| 11:43 | Construir | Stone Wall |
| 11:47 | Construir | Gate |
| 11:51 | Crear | Villager (Male) |
| 11:51 | Crear | Villager (Male) |
| 12:25 | Construir | Mill |
| 12:27 | Construir | House |
| 12:32 | Crear | Villager (Male) |
| 12:32 | Crear | Villager (Male) |
| 12:32 | Crear | Villager (Male) |
| 12:57 | Construir | Blacksmith |
| 13:12 | Crear | Villager (Male) |
| 13:12 | Crear | Villager (Male) |
| 13:13 | Crear | Villager (Male) |
| 13:37 | Crear | Villager (Male) |
| 13:37 | Crear | Villager (Male) |
| 14:19 | Crear | Villager (Male) |
| 14:20 | Crear | Villager (Male) |
| 15:36 | Construir | Farm |
| 15:37 | Construir | House |
| 16:30 | Crear | Villager (Male) |
| 16:30 | Crear | Villager (Male) |
| 16:51 | Construir | Market |
| 16:55 | Crear | Villager (Male) |
| 16:55 | Crear | Villager (Male) |
| 17:41 | Construir | Farm |
| 17:44 | Construir | House |
| 18:00 | Investigar | Castle Age |
| 18:31 | Construir | Farm |
| 18:32 | Construir | House |
| 18:36 | Investigar | Horse Collar |
| 18:52 | Crear | Villager (Male) |
| 18:53 | Crear | Villager (Male) |
| 18:53 | Crear | Villager (Male) |
| 19:49 | Investigar | Stone Mining |
| 20:46 | Edad | Edad de los Castillos |
| 21:32 | Construir | Town Center |
| 21:43 | Construir | Town Center |
| 21:55 | Construir | Town Center |
| 21:59 | Crear | Villager (Male) |
| 21:59 | Crear | Villager (Male) |
| 21:59 | Crear | Villager (Male) |
| 21:59 | Crear | Villager (Male) |
| 22:18 | Investigar | Bow Saw |
| 22:42 | Crear | Villager (Male) ×5 |
| 22:51 | Crear | Villager (Male) ×5 |
| 23:06 | Construir | Farm |
| 23:08 | Construir | House |
| 23:10 | Investigar | Heavy Plow |
| 23:34 | Investigar | Wheelbarrow |
| 24:03 | Construir | Town Center |
| 24:17 | Construir | Watch Tower |
| 24:28 | Construir | Farm |
| 24:30 | Construir | Farm |
| 24:33 | Construir | House |
| 24:42 | Construir | Monastery |
| 24:47 | Construir | University |
| 24:57 | Investigar | Gold Mining |
| 25:07 | Construir | Farm |
| 25:09 | Construir | Farm |
| 25:16 | Crear | Villager (Male) |
| 25:17 | Crear | Villager (Male) |
| 25:17 | Crear | Villager (Male) |
| 25:29 | Construir | Farm |
| 25:30 | Construir | Farm |
| 25:31 | Construir | Farm |
| 25:32 | Construir | Farm |
| 25:43 | Construir | Town Center |
| 25:55 | Crear | Monk |
| 26:10 | Construir | Watch Tower |
| 26:15 | Investigar | Stone Shaft Mining |
| 27:10 | Crear | Villager (Male) ×5 |
| 27:27 | Construir | Farm |
| 27:28 | Construir | House |
| 27:39 | Construir | Farm |
| 27:43 | Crear | Monk |
| 27:44 | Crear | Monk |
| 29:06 | Investigar | Imperial Age |
| 29:19 | Investigar | Hand Cart |
| 29:23 | Crear | Villager (Male) |
| 30:15 | Crear | Villager (Male) |
| 30:15 | Crear | Villager (Male) |
| 30:16 | Crear | Villager (Male) |
| 30:22 | Crear | Villager (Male) |
| 30:22 | Crear | Villager (Male) |
| 30:23 | Crear | Villager (Male) |
| 30:34 | Construir | Farm |
| 30:35 | Construir | Farm |
| 30:36 | Construir | Farm |
| 30:37 | Construir | Farm |
| 30:38 | Construir | Farm |
| 30:52 | Construir | Barracks |
| 30:59 | Construir | Siege Workshop |
| 31:10 | Construir | Castle |
| 31:21 | Construir | Town Center |
| 31:26 | Crear | Villager (Male) ×5 |
| 31:32 | Crear | Villager (Male) ×5 |
| 31:38 | Investigar | Town Watch |
| 32:02 | Construir | Farm |
| 32:12 | Construir | Town Center |
| 32:16 | Edad | Edad Imperial |
| 32:30 | Crear | Monk |
| 32:59 | Investigar | Fortified Wall (upgrade) |
| 33:10 | Crear | Monk |
| 33:21 | Construir | Stable |
| 33:25 | Investigar | Onager (upgrade) |
| 33:36 | Construir | Siege Workshop |
| 33:49 | Investigar | Crop Rotation |
| 33:55 | Investigar | Two-Man Saw |
| 34:12 | Construir | Castle |
| 34:19 | Investigar | Pikeman (upgrade) |
Build order — Matdevil01
Primeras 150 de 431 acciones detectadas
| 0:30 | Crear | Villager (Male) |
| 0:30 | Crear | Villager (Male) |
| 0:30 | Crear | Villager (Male) |
| 0:30 | Crear | Villager (Male) |
| 1:06 | Construir | Palisade Wall |
| 2:07 | Crear | Villager (Male) |
| 2:07 | Crear | Villager (Male) |
| 2:42 | Crear | Villager (Male) |
| 2:42 | Crear | Villager (Male) |
| 3:07 | Crear | Villager (Male) |
| 3:42 | Crear | Villager (Male) |
| 3:43 | Crear | Villager (Male) |
| 3:43 | Crear | Villager (Male) |
| 3:43 | Crear | Villager (Male) |
| 4:45 | Construir | Lumber Camp |
| 4:50 | Crear | Villager (Male) |
| 4:50 | Crear | Villager (Male) |
| 4:50 | Crear | Villager (Male) |
| 4:50 | Crear | Villager (Male) |
| 6:35 | Crear | Villager (Male) |
| 6:35 | Crear | Villager (Male) |
| 6:35 | Crear | Villager (Male) |
| 6:36 | Crear | Villager (Male) |
| 6:36 | Crear | Villager (Male) |
| 6:41 | Crear | Villager (Male) |
| 7:51 | Construir | Mill |
| 9:12 | Investigar | Feudal Age |
| 9:25 | Construir | Mining Camp |
| 10:29 | Crear | Villager (Male) |
| 10:29 | Crear | Villager (Male) |
| 10:30 | Crear | Villager (Male) |
| 10:30 | Crear | Villager (Male) |
| 10:30 | Crear | Villager (Male) |
| 11:14 | Construir | Farm |
| 11:15 | Construir | Farm |
| 11:16 | Construir | Farm |
| 11:17 | Construir | Farm |
| 11:22 | Edad | Edad Feudal |
| 11:36 | Construir | Farm |
| 12:06 | Crear | Villager (Male) |
| 12:07 | Crear | Villager (Male) |
| 12:07 | Crear | Villager (Male) |
| 12:07 | Crear | Villager (Male) |
| 12:07 | Crear | Villager (Male) |
| 12:20 | Investigar | Double-Bit Axe |
| 12:42 | Investigar | Horse Collar |
| 13:22 | Construir | Farm |
| 13:33 | Construir | Farm |
| 13:52 | Construir | Farm |
| 14:04 | Construir | Farm |
| 14:16 | Construir | Farm |
| 14:42 | Construir | Market |
| 14:53 | Construir | Blacksmith |
| 15:14 | Crear | Villager (Male) |
| 15:15 | Crear | Villager (Male) |
| 15:15 | Crear | Villager (Male) |
| 15:15 | Crear | Villager (Male) |
| 15:22 | Crear | Villager (Male) |
| 15:34 | Construir | Farm |
| 15:39 | Construir | Farm |
| 15:40 | Construir | Farm |
| 16:30 | Construir | Market |
| 16:37 | Construir | Farm |
| 16:43 | Construir | Farm |
| 17:39 | Investigar | Wheelbarrow |
| 18:01 | Construir | Farm |
| 18:28 | Construir | Barracks |
| 18:37 | Investigar | Castle Age |
| 18:48 | Crear | Trade Cart |
| 19:31 | Crear | Trade Cart |
| 20:09 | Construir | Archery Range |
| 20:28 | Investigar | Gold Mining |
| 21:34 | Edad | Edad de los Castillos |
| 21:38 | Construir | Town Center |
| 21:42 | Crear | Villager (Male) |
| 21:43 | Crear | Villager (Male) |
| 21:43 | Crear | Villager (Male) |
| 21:43 | Crear | Villager (Male) |
| 21:43 | Crear | Villager (Male) |
| 21:43 | Crear | Villager (Male) |
| 21:55 | Crear | Villager (Male) |
| 21:55 | Crear | Villager (Male) |
| 21:56 | Crear | Villager (Male) |
| 21:56 | Crear | Villager (Male) |
| 22:09 | Construir | Archery Range |
| 22:15 | Investigar | Caravan |
| 22:52 | Crear | Villager (Male) |
| 22:53 | Crear | Villager (Male) |
| 22:53 | Crear | Villager (Male) |
| 22:53 | Crear | Villager (Male) |
| 22:53 | Crear | Villager (Male) |
| 23:12 | Construir | Town Center |
| 23:31 | Construir | Lumber Camp |
| 23:33 | Investigar | Bow Saw |
| 23:37 | Investigar | Heavy Plow |
| 24:02 | Crear | Villager (Male) |
| 24:02 | Crear | Villager (Male) |
| 24:14 | Investigar | Gold Shaft Mining |
| 25:20 | Construir | Town Center |
| 25:38 | Construir | Farm |
| 25:44 | Construir | Farm |
| 25:49 | Crear | Trade Cart |
| 25:50 | Crear | Trade Cart |
| 26:00 | Crear | Villager (Male) |
| 26:00 | Crear | Villager (Male) |
| 26:00 | Crear | Villager (Male) |
| 26:01 | Crear | Villager (Male) |
| 26:01 | Crear | Villager (Male) |
| 26:36 | Crear | Cavalry Archer |
| 26:37 | Crear | Cavalry Archer |
| 26:38 | Crear | Cavalry Archer |
| 26:39 | Crear | Cavalry Archer |
| 26:40 | Crear | Cavalry Archer |
| 26:41 | Crear | Cavalry Archer |
| 26:42 | Crear | Cavalry Archer |
| 26:43 | Crear | Cavalry Archer |
| 26:44 | Crear | Cavalry Archer |
| 26:46 | Crear | Cavalry Archer |
| 27:05 | Crear | Villager (Male) |
| 27:05 | Crear | Villager (Male) |
| 27:05 | Crear | Villager (Male) |
| 27:05 | Crear | Villager (Male) |
| 27:06 | Crear | Villager (Male) |
| 27:06 | Crear | Villager (Male) |
| 27:06 | Crear | Villager (Male) |
| 27:23 | Construir | Mining Camp |
| 27:49 | Construir | Lumber Camp |
| 28:09 | Crear | Villager (Male) |
| 28:10 | Crear | Villager (Male) |
| 28:10 | Crear | Villager (Male) |
| 28:10 | Crear | Villager (Male) |
| 28:19 | Crear | Villager (Male) |
| 28:20 | Crear | Villager (Male) |
| 28:20 | Crear | Villager (Male) |
| 28:20 | Crear | Villager (Male) |
| 28:20 | Crear | Villager (Male) |
| 28:28 | Construir | Lumber Camp |
| 29:00 | Construir | Farm |
| 29:06 | Construir | Farm |
| 29:10 | Crear | Villager (Male) |
| 29:10 | Crear | Villager (Male) |
| 29:10 | Crear | Villager (Male) |
| 29:33 | Investigar | Hand Cart |
| 29:46 | Construir | University |
| 29:54 | Crear | Villager (Male) |
| 29:54 | Crear | Villager (Male) |
| 29:55 | Crear | Villager (Male) |
| 29:55 | Crear | Villager (Male) |
| 29:55 | Crear | Villager (Male) |
| 30:12 | Crear | Villager (Male) |
Build order — Elite Savage
0 acciones detectadas en el replay
Build order — MelinsFive
Primeras 150 de 482 acciones detectadas
| 0:04 | Investigar | Loom |
| 0:04 | Crear | Villager (Male) |
| 0:04 | Crear | Villager (Male) |
| 0:04 | Crear | Villager (Male) |
| 0:05 | Crear | Villager (Male) |
| 0:05 | Crear | Villager (Male) |
| 0:09 | Construir | House |
| 0:11 | Construir | House |
| 1:41 | Crear | Villager (Male) |
| 2:46 | Crear | Villager (Male) |
| 2:47 | Crear | Villager (Male) |
| 3:41 | Crear | Villager (Male) |
| 3:42 | Crear | Villager (Male) |
| 3:49 | Construir | House |
| 4:14 | Crear | Villager (Male) |
| 4:26 | Construir | Lumber Camp |
| 4:35 | Crear | Villager (Male) |
| 4:47 | Construir | Mill |
| 5:52 | Crear | Villager (Male) |
| 5:53 | Crear | Villager (Male) |
| 6:25 | Crear | Villager (Male) |
| 6:25 | Crear | Villager (Male) |
| 6:38 | Construir | House |
| 7:28 | Crear | Villager (Male) |
| 7:58 | Crear | Villager (Male) |
| 7:58 | Crear | Villager (Male) |
| 8:12 | Construir | Mining Camp |
| 8:50 | Construir | House |
| 8:58 | Crear | Villager (Male) |
| 8:59 | Crear | Villager (Male) |
| 10:08 | Crear | Villager (Male) |
| 10:08 | Crear | Villager (Male) |
| 10:14 | Investigar | Feudal Age |
| 10:22 | Construir | House |
| 11:01 | Construir | Mining Camp |
| 11:20 | Construir | Mill |
| 11:50 | Crear | Villager (Male) |
| 11:51 | Crear | Villager (Male) |
| 12:27 | Investigar | Horse Collar |
| 12:40 | Construir | Farm |
| 12:54 | Crear | Villager (Male) |
| 13:25 | Construir | Market |
| 13:35 | Crear | Villager (Male) |
| 13:36 | Crear | Villager (Male) |
| 14:42 | Construir | Farm |
| 15:30 | Investigar | Castle Age |
| 15:58 | Construir | Farm |
| 16:02 | Construir | Farm |
| 16:06 | Construir | Farm |
| 16:48 | Construir | Lumber Camp |
| 17:20 | Construir | Farm |
| 17:26 | Construir | Farm |
| 17:37 | Investigar | Double-Bit Axe |
| 17:48 | Crear | Trade Cart |
| 18:16 | Crear | Villager (Male) |
| 18:16 | Crear | Villager (Male) |
| 18:19 | Crear | Villager (Male) |
| 18:59 | Construir | Town Center |
| 19:24 | Construir | Farm |
| 20:02 | Construir | Farm |
| 20:09 | Crear | Villager (Male) |
| 20:09 | Crear | Villager (Male) |
| 20:09 | Crear | Villager (Male) |
| 20:09 | Crear | Villager (Male) |
| 20:52 | Construir | Stone Wall |
| 21:34 | Construir | Monastery |
| 22:03 | Construir | House |
| 22:06 | Crear | Villager (Male) |
| 22:06 | Crear | Villager (Male) |
| 22:06 | Crear | Villager (Male) |
| 22:16 | Construir | Town Center |
| 22:19 | Crear | Villager (Male) |
| 22:19 | Crear | Villager (Male) |
| 22:20 | Crear | Villager (Male) |
| 22:27 | Construir | Farm |
| 22:31 | Construir | Farm |
| 22:39 | Construir | House |
| 22:41 | Construir | House |
| 22:44 | Crear | Villager (Male) |
| 22:45 | Crear | Villager (Male) |
| 22:50 | Investigar | Town Watch |
| 23:09 | Crear | Monk |
| 23:31 | Crear | Villager (Male) |
| 23:48 | Crear | Villager (Male) |
| 23:48 | Crear | Villager (Male) |
| 23:50 | Crear | Villager (Male) |
| 23:51 | Crear | Villager (Male) |
| 23:54 | Crear | Villager (Male) |
| 23:54 | Crear | Villager (Male) |
| 24:18 | Construir | Town Center |
| 24:23 | Crear | Trade Cart |
| 24:23 | Crear | Trade Cart |
| 24:44 | Crear | Villager (Male) |
| 24:44 | Crear | Villager (Male) |
| 25:04 | Construir | Monastery |
| 25:12 | Crear | Villager (Male) |
| 25:12 | Crear | Villager (Male) |
| 25:27 | Construir | University |
| 25:34 | Construir | Farm |
| 25:39 | Construir | Farm |
| 25:45 | Construir | Farm |
| 25:53 | Crear | Villager (Male) |
| 25:53 | Crear | Villager (Male) |
| 25:56 | Crear | Villager (Male) |
| 25:56 | Crear | Villager (Male) |
| 26:29 | Crear | Monk |
| 26:38 | Construir | House |
| 26:39 | Construir | House |
| 26:48 | Construir | House |
| 26:49 | Construir | House |
| 26:53 | Investigar | Heavy Plow |
| 26:56 | Crear | Villager (Male) |
| 26:56 | Crear | Villager (Male) |
| 26:58 | Investigar | Wheelbarrow |
| 27:12 | Construir | Farm |
| 27:17 | Construir | Farm |
| 27:21 | Construir | Farm |
| 27:27 | Construir | Farm |
| 27:39 | Construir | Farm |
| 27:45 | Construir | Farm |
| 27:50 | Construir | Farm |
| 28:00 | Construir | Farm |
| 28:11 | Crear | Trade Cart |
| 28:11 | Crear | Trade Cart |
| 28:15 | Crear | Villager (Male) |
| 28:15 | Crear | Villager (Male) |
| 28:26 | Construir | Farm |
| 28:41 | Construir | Farm |
| 29:31 | Construir | Lumber Camp |
| 29:43 | Investigar | Imperial Age |
| 29:49 | Investigar | Murder Holes |
| 29:57 | Crear | Villager (Male) |
| 29:57 | Crear | Villager (Male) |
| 30:17 | Crear | Monk |
| 30:34 | Construir | Market |
| 30:43 | Construir | Market |
| 30:49 | Investigar | Caravan |
| 30:51 | Crear | Trade Cart |
| 30:51 | Crear | Trade Cart |
| 31:06 | Investigar | Hand Cart |
| 31:09 | Crear | Villager (Male) |
| 31:09 | Crear | Villager (Male) |
| 31:14 | Crear | Villager (Male) |
| 31:15 | Crear | Villager (Male) |
| 31:15 | Crear | Villager (Male) |
| 31:23 | Crear | Villager (Male) |
| 31:23 | Crear | Villager (Male) |
| 31:24 | Crear | Villager (Male) |
| 31:24 | Crear | Villager (Male) |
| 32:33 | Investigar | Bow Saw |
Build order — Tirite
Primeras 150 de 516 acciones detectadas
| 0:02 | Crear | Villager (Male) |
| 0:02 | Crear | Villager (Male) |
| 0:02 | Crear | Villager (Male) |
| 0:03 | Crear | Villager (Male) |
| 0:03 | Crear | Villager (Male) |
| 0:03 | Crear | Villager (Male) |
| 0:05 | Construir | House |
| 0:06 | Construir | House |
| 1:04 | Investigar | Loom |
| 1:39 | Crear | Villager (Male) |
| 1:40 | Crear | Villager (Male) |
| 1:40 | Crear | Villager (Male) |
| 2:01 | Construir | Palisade Wall |
| 2:02 | Crear | Villager (Male) |
| 2:03 | Crear | Villager (Male) |
| 2:20 | Crear | Villager (Male) |
| 2:20 | Crear | Villager (Male) |
| 2:51 | Crear | Villager (Male) |
| 2:51 | Crear | Villager (Male) |
| 3:13 | Crear | Villager (Male) |
| 3:14 | Crear | Villager (Male) |
| 3:26 | Construir | House |
| 3:27 | Construir | House |
| 3:42 | Crear | Villager (Male) |
| 4:20 | Crear | Villager (Male) |
| 4:20 | Crear | Villager (Male) |
| 4:21 | Crear | Villager (Male) |
| 4:21 | Crear | Villager (Male) |
| 5:21 | Crear | Villager (Male) |
| 5:22 | Crear | Villager (Male) |
| 5:48 | Crear | Villager (Male) |
| 5:48 | Crear | Villager (Male) |
| 5:53 | Crear | Villager (Male) |
| 5:53 | Crear | Villager (Male) |
| 6:18 | Crear | Villager (Male) |
| 6:18 | Crear | Villager (Male) |
| 6:28 | Construir | Mill |
| 6:31 | Crear | Villager (Male) |
| 7:08 | Crear | Villager (Male) |
| 7:35 | Crear | Villager (Male) |
| 7:40 | Construir | House |
| 8:12 | Crear | Villager (Male) |
| 8:59 | Construir | Mill |
| 9:03 | Crear | Villager (Male) |
| 9:17 | Construir | House |
| 9:52 | Crear | Villager (Male) |
| 10:03 | Construir | Lumber Camp |
| 10:29 | Investigar | Feudal Age |
| 10:29 | Investigar | Feudal Age |
| 10:59 | Construir | Mining Camp |
| 11:00 | Crear | Villager (Male) |
| 11:27 | Crear | Villager (Male) |
| 12:32 | Construir | Farm |
| 12:32 | Construir | Farm |
| 12:33 | Construir | Farm |
| 12:34 | Construir | Farm |
| 12:35 | Construir | Farm |
| 12:35 | Construir | Farm |
| 12:39 | Edad | Edad Feudal |
| 12:42 | Investigar | Double-Bit Axe |
| 12:43 | Investigar | Horse Collar |
| 13:11 | Construir | Stone Wall |
| 13:17 | Construir | Mining Camp |
| 13:32 | Crear | Villager (Male) |
| 13:33 | Crear | Villager (Male) |
| 13:48 | Construir | House |
| 13:49 | Construir | House |
| 13:52 | Crear | Villager (Male) |
| 14:08 | Construir | Mining Camp |
| 14:11 | Investigar | Gold Mining |
| 14:11 | Investigar | Stone Mining |
| 14:23 | Crear | Villager (Male) |
| 14:28 | Construir | Farm |
| 14:51 | Crear | Villager (Male) |
| 14:58 | Construir | Blacksmith |
| 15:21 | Crear | Villager (Male) |
| 15:42 | Construir | Market |
| 15:49 | Construir | Farm |
| 15:53 | Crear | Villager (Male) |
| 16:02 | Construir | Farm |
| 16:04 | Crear | Villager (Male) |
| 16:07 | Construir | Farm |
| 16:26 | Construir | Mining Camp |
| 16:29 | Crear | Villager (Male) |
| 16:42 | Investigar | Stone Mining |
| 16:43 | Investigar | Stone Mining |
| 16:55 | Crear | Villager (Male) |
| 16:58 | Construir | Farm |
| 17:02 | Investigar | Castle Age |
| 17:03 | Investigar | Castle Age |
| 17:03 | Investigar | Castle Age |
| 17:11 | Crear | Villager (Male) |
| 17:48 | Crear | Villager (Male) |
| 17:56 | Construir | Farm |
| 17:56 | Construir | Farm |
| 18:22 | Crear | Trade Cart |
| 18:23 | Crear | Trade Cart |
| 19:07 | Construir | Outpost |
| 19:10 | Crear | Villager (Male) |
| 19:19 | Construir | House |
| 19:34 | Construir | Farm |
| 19:40 | Construir | Farm |
| 19:53 | Investigar | Wheelbarrow |
| 19:57 | Edad | Edad de los Castillos |
| 20:05 | Construir | Monastery |
| 20:10 | Construir | University |
| 20:19 | Construir | Farm |
| 20:34 | Investigar | Stone Shaft Mining |
| 20:44 | Crear | Villager (Male) |
| 20:54 | Crear | Monk |
| 21:11 | Crear | Villager (Male) |
| 21:22 | Construir | House |
| 21:30 | Investigar | Caravan |
| 21:30 | Crear | Trade Cart |
| 21:37 | Investigar | Fortified Wall (upgrade) |
| 21:47 | Crear | Villager (Male) |
| 22:12 | Crear | Villager (Male) |
| 22:23 | Construir | Watch Tower |
| 22:26 | Crear | Villager (Male) |
| 22:30 | Investigar | Fletching |
| 22:54 | Crear | Villager (Male) |
| 22:59 | Construir | Mining Camp |
| 23:04 | Crear | Trade Cart |
| 23:37 | Investigar | Bodkin Arrow |
| 24:08 | Construir | Town Center |
| 24:12 | Construir | Farm |
| 25:03 | Construir | House |
| 25:04 | Construir | House |
| 25:05 | Construir | House |
| 25:06 | Construir | House |
| 25:06 | Investigar | Imperial Age |
| 25:09 | Crear | Villager (Male) |
| 25:28 | Crear | Villager (Male) |
| 25:43 | Construir | Barracks |
| 25:46 | Crear | Trade Cart |
| 25:46 | Crear | Trade Cart |
| 25:47 | Crear | Trade Cart |
| 25:54 | Investigar | Bow Saw |
| 25:54 | Investigar | Bow Saw |
| 26:20 | Investigar | Heavy Plow |
| 26:20 | Investigar | Heavy Plow |
| 26:49 | Crear | Villager (Male) |
| 27:29 | Investigar | Guard Tower (upgrade) |
| 27:30 | Crear | Trade Cart |
| 27:51 | Crear | Villager (Male) |
| 27:51 | Crear | Villager (Male) |
| 27:51 | Crear | Villager (Male) |
| 27:52 | Crear | Villager (Male) |
| 27:59 | Investigar | Fortified Wall (upgrade) |
| 28:16 | Edad | Edad Imperial |
Build order — jorh.choxxy
Primeras 150 de 341 acciones detectadas
| 0:26 | Construir | House |
| 0:27 | Construir | House |
| 0:29 | Construir | House |
| 0:30 | Construir | House |
| 0:32 | Investigar | Loom |
| 0:44 | Construir | Palisade Wall |
| 0:59 | Crear | Villager (Male) ×4 |
| 1:00 | Crear | Villager (Male) ×4 |
| 1:00 | Crear | Villager (Male) ×4 |
| 3:10 | Construir | Outpost |
| 3:15 | Crear | Villager (Male) |
| 3:15 | Crear | Villager (Male) |
| 3:16 | Crear | Villager (Male) |
| 4:45 | Crear | Villager (Male) ×5 |
| 4:45 | Crear | Villager (Male) ×5 |
| 4:45 | Crear | Villager (Male) ×5 |
| 6:30 | Crear | Villager (Male) |
| 6:30 | Crear | Villager (Male) |
| 6:30 | Crear | Villager (Male) |
| 6:31 | Crear | Villager (Male) |
| 6:31 | Crear | Villager (Male) |
| 6:31 | Crear | Villager (Male) |
| 6:51 | Construir | Mill |
| 7:15 | Construir | Lumber Camp |
| 9:51 | Crear | Villager (Male) ×5 |
| 9:51 | Crear | Villager (Male) ×5 |
| 9:51 | Crear | Villager (Male) ×5 |
| 9:51 | Crear | Villager (Male) ×5 |
| 10:25 | Construir | Mill |
| 14:02 | Investigar | Feudal Age |
| 14:18 | Construir | House |
| 14:20 | Construir | House |
| 14:22 | Construir | House |
| 14:24 | Construir | House |
| 14:26 | Construir | Barracks |
| 14:28 | Construir | Barracks |
| 16:12 | Edad | Edad Feudal |
| 17:24 | Crear | Villager (Male) ×5 |
| 17:25 | Crear | Villager (Male) ×5 |
| 17:25 | Crear | Villager (Male) ×5 |
| 17:25 | Crear | Villager (Male) ×3 |
| 17:43 | Construir | Farm |
| 17:44 | Construir | Farm |
| 17:45 | Construir | Farm |
| 17:46 | Construir | Farm |
| 17:47 | Construir | Farm |
| 17:49 | Construir | Farm |
| 17:50 | Construir | Farm |
| 17:52 | Construir | Farm |
| 18:01 | Construir | Market |
| 18:04 | Construir | Blacksmith |
| 18:17 | Investigar | Man-at-Arms (upgrade) |
| 18:25 | Construir | Mining Camp |
| 18:36 | Construir | Farm |
| 18:46 | Investigar | Double-Bit Axe |
| 19:15 | Construir | Farm |
| 19:29 | Construir | Farm |
| 19:54 | Construir | Farm |
| 20:03 | Construir | Farm |
| 20:40 | Construir | Stone Wall |
| 20:49 | Construir | Gate |
| 21:41 | Investigar | Horse Collar |
| 21:57 | Crear | Trade Cart |
| 21:57 | Crear | Trade Cart |
| 21:57 | Crear | Trade Cart |
| 21:58 | Crear | Trade Cart |
| 22:35 | Investigar | Town Watch |
| 22:40 | Investigar | Wheelbarrow |
| 23:23 | Investigar | Scale Mail Armor |
| 23:25 | Investigar | Forging |
| 23:27 | Investigar | Scale Barding Armor |
| 23:38 | Investigar | Arson |
| 24:45 | Construir | Blacksmith |
| 24:52 | Construir | Mining Camp |
| 24:57 | Crear | Villager (Male) |
| 24:57 | Crear | Villager (Male) |
| 25:27 | Investigar | Castle Age |
| 25:46 | Construir | Stable |
| 25:48 | Construir | Stable |
| 26:06 | Crear | Trade Cart ×2 |
| 26:06 | Crear | Trade Cart ×2 |
| 26:06 | Crear | Trade Cart ×2 |
| 27:16 | Construir | Mill |
| 27:23 | Construir | House |
| 27:24 | Construir | House |
| 27:25 | Construir | House |
| 27:26 | Construir | House |
| 27:28 | Construir | House |
| 28:27 | Edad | Edad de los Castillos |
| 28:35 | Construir | Town Center |
| 28:48 | Crear | Villager (Male) ×5 |
| 28:48 | Crear | Villager (Male) ×5 |
| 28:48 | Crear | Villager (Male) ×5 |
| 28:48 | Crear | Villager (Male) ×5 |
| 29:06 | Construir | Town Center |
| 30:11 | Crear | Villager (Male) ×5 |
| 30:11 | Crear | Villager (Male) ×5 |
| 30:11 | Crear | Villager (Male) ×5 |
| 30:11 | Crear | Villager (Male) ×5 |
| 30:11 | Crear | Villager (Male) ×5 |
| 30:33 | Crear | Villager (Male) |
| 30:33 | Crear | Villager (Male) ×2 |
| 30:33 | Crear | Villager (Male) ×2 |
| 30:33 | Crear | Villager (Male) |
| 31:46 | Construir | Castle |
| 32:07 | Construir | Farm |
| 32:12 | Crear | Villager (Male) ×5 |
| 32:13 | Crear | Villager (Male) ×5 |
| 32:13 | Crear | Villager (Male) ×5 |
| 32:13 | Crear | Villager (Male) ×5 |
| 32:13 | Crear | Villager (Male) |
| 32:29 | Construir | University |
| 32:42 | Construir | Town Center |
| 32:52 | Construir | Farm |
| 32:54 | Construir | Farm |
| 33:21 | Construir | Lumber Camp |
| 33:24 | Investigar | Bow Saw |
| 33:32 | Investigar | Murder Holes |
| 33:37 | Construir | Farm |
| 33:41 | Construir | Farm |
| 34:07 | Construir | Mining Camp |
| 34:26 | Construir | Siege Workshop |
| 34:33 | Construir | Farm |
| 34:35 | Construir | Farm |
| 34:59 | Construir | Farm |
| 35:51 | Construir | Farm |
| 35:52 | Construir | Farm |
| 35:53 | Construir | Farm |
| 35:55 | Construir | Farm |
| 36:05 | Construir | Farm |
| 37:36 | Investigar | Imperial Age |
| 37:39 | Investigar | Fortified Wall (upgrade) |
| 37:40 | Investigar | Chemistry |
| 37:47 | Investigar | Hand Cart |
| 37:59 | Crear | Villager (Male) ×5 |
| 38:00 | Crear | Villager (Male) ×5 |
| 38:00 | Crear | Villager (Male) ×5 |
| 38:00 | Crear | Villager (Male) ×3 |
| 38:08 | Crear | Hussite Wagon ×5 |
| 38:09 | Crear | Hussite Wagon ×5 |
| 38:09 | Crear | Hussite Wagon ×5 |
| 38:09 | Crear | Hussite Wagon ×5 |
| 38:09 | Crear | Hussite Wagon ×5 |
| 38:17 | Construir | Castle |
| 38:22 | Crear | Villager (Male) ×3 |
| 38:23 | Crear | Villager (Male) ×3 |
| 38:23 | Crear | Villager (Male) ×3 |
| 38:23 | Crear | Villager (Male) ×3 |
| 38:24 | Crear | Villager (Male) |
| 38:24 | Crear | Villager (Male) |
Cronología de la partida
| 0:44 | jorh.choxxy · wall_segment Palisade Wall x14 |
| 1:06 | Matdevil01 · wall_segment Palisade Wall x10 |
| 2:01 | Tirite · wall_segment Palisade Wall x11 |
| 4:20 | crestofthewave · wall_segment Palisade Wall x12 |
| 5:06 | Elite Savage · resign |
| 10:56 | crestofthewave · age_up feudal |
| 11:22 | Matdevil01 · age_up feudal |
| 11:43 | crestofthewave · wall_segment Stone Wall x13 |
| 12:39 | Tirite · age_up feudal |
| 13:11 | Tirite · wall_segment Stone Wall x13 |
| 13:12 | paulamongeaguilar18 · first_building Barracks |
| 13:54 | J B S · age_up feudal |
| 14:26 | jorh.choxxy · first_building Barracks |
| 16:12 | jorh.choxxy · age_up feudal |
| 17:01 | paulamongeaguilar18 · age_up feudal |
| 17:46 | Matdevil01 · first_market_sell 100 wood |
| 17:52 | Matdevil01 · first_market_buy 100 food |
| 17:56 | crestofthewave · first_market_sell 100 stone |
| 18:28 | Matdevil01 · first_building Barracks |
| 19:57 | Tirite · age_up castle |
| 20:05 | Tirite · first_building Monastery |
| 20:09 | Matdevil01 · first_building Archery Range |
| 20:40 | jorh.choxxy · wall_segment Stone Wall x15 |
| 20:46 | crestofthewave · age_up castle |
| 20:52 | MelinsFive · wall_segment Stone Wall x20 |
| 20:58 | crestofthewave · first_market_buy 100 stone |
| 21:28 | J B S · age_up castle |
| 21:34 | Matdevil01 · age_up castle |
| 21:34 | MelinsFive · first_building Monastery |
| 23:04 | paulamongeaguilar18 · wall_segment Stone Wall x14 |
| 24:42 | crestofthewave · first_building Monastery |
| 25:12 | jorh.choxxy · first_market_buy 100 food |
| 25:40 | J B S · first_building Monastery |
| 25:43 | Tirite · first_building Barracks |
| 25:46 | jorh.choxxy · first_building Stable |
| 26:14 | paulamongeaguilar18 · wall_segment Stone Wall x24 |
| 27:04 | paulamongeaguilar18 · first_building Archery Range |
| 28:16 | Tirite · age_up imperial |
| 28:27 | jorh.choxxy · age_up castle |
| 29:37 | Tirite · first_building Castle |
| 29:59 | paulamongeaguilar18 · first_building Stable |
| 30:52 | crestofthewave · first_building Barracks |
| 30:59 | crestofthewave · first_building Siege Workshop |
| 31:10 | crestofthewave · first_building Castle |
| 31:41 | paulamongeaguilar18 · wall_segment Stone Wall x10 |
| 31:46 | jorh.choxxy · first_building Castle |
| 31:52 | Tirite · first_building Siege Workshop |
| 31:55 | Tirite · first_building Stable |
| 32:16 | crestofthewave · age_up imperial |
| 32:29 | Matdevil01 · first_building Castle |
| 33:19 | MelinsFive · first_building Castle |
| 33:21 | crestofthewave · first_building Stable |
| 34:26 | jorh.choxxy · first_building Siege Workshop |
| 34:45 | Matdevil01 · first_building Stable |
| 34:57 | paulamongeaguilar18 · age_up castle |
| 35:19 | paulamongeaguilar18 · first_building Castle |
| 36:22 | MelinsFive · first_building Siege Workshop |
| 36:27 | MelinsFive · first_building Stable |
| 37:16 | J B S · first_building Castle |
| 38:22 | paulamongeaguilar18 · first_building Monastery |
| 38:34 | jorh.choxxy · first_building Monastery |
| 38:50 | Matdevil01 · age_up imperial |
| 39:54 | paulamongeaguilar18 · first_building Siege Workshop |
| 40:14 | crestofthewave · first_building Archery Range |
| 40:46 | jorh.choxxy · age_up imperial |
| 41:22 | jorh.choxxy · wall_segment Stone Wall x15 |
| 42:37 | Tirite · first_building Archery Range |
| 43:56 | J B S · age_up imperial |
| 44:20 | jorh.choxxy · first_market_sell 100 food |
| 46:09 | paulamongeaguilar18 · age_up imperial |
| 51:50 | crestofthewave · wall_segment Stone Wall x11 |
| 52:11 | jorh.choxxy · wall_segment Stone Wall x10 |
| 52:37 | paulamongeaguilar18 · wall_segment Stone Wall x4 |
| 53:03 | crestofthewave · wall_segment Stone Wall x8 |
| 53:26 | jorh.choxxy · wall_segment Stone Wall x14 |
| 60:13 | paulamongeaguilar18 · first_market_sell 100 food |
[ ANÁLISIS IA · 1 CRÉDITO ]
¿Qué pasó realmente en esta partida?
Wolo.gg analiza cada decisión: build order, eco, micro, errores típicos por bracket. Análisis personalizado por WhatsApp o Discord en 30 segundos.
Guía civ
Teutones
Perfil
J B S